[Event "Titled Tuesday Blitz May 16 Late 2023"]
[White "Stachanczyk, Jacek"]
[Black "Hajiyev, Kanan"]
[WhiteFideId "1116657"]
[BlackFideId "13404148"]
[WhiteElo "2084"]
[BlackElo "2103"]
[Result "1/2-1/2"]
[Round "07"]
[TimeControl "180+2"]
[Date "2023.05.16"]
[WhiteClock "0:01:49"]
[BlackClock "0:01:36"]

1. e4 c6 2. d4 d5 3. Nc3 a6 4. Nf3 Bg4 5. h3 Bh5 6. g4 Bg6 7. exd5 cxd5 8. Ne5 Nc6 9. Bg2 Nxe5 10. dxe5 e6 11. Ne2 Qc7 12. c3 Qxe5 13. Bf4 Qf6 14. O-O Bc5 15. Qd2 Ne7 16. Bg5 Qe5 17. Bf4 Qf6 18. Bg5 Qe5 19. Bf4 Qf6 1/2-1/2


[Site "https://www.chess.com"]

[Event "Titled Tuesday Blitz May 16 Late 2023"]
[White "Skaric, Djuro"]
[Black "Tomaszewski, Kacper"]
[WhiteFideId "934569"]
[BlackFideId "1127373"]
[WhiteElo "2282"]
[BlackElo "2211"]
[Result "0-1"]
[Round "07"]
[TimeControl "180+2"]
[Date "2023.05.16"]
[WhiteClock "0:00:02"]
[BlackClock "0:00:22"]

1. g3 Nc6 2. Bg2 d5 3. f4 e5 4. d3 h5 5. Nf3 h4 6. fxe5 h3 7. Bf1 Bg4 8. d4 f6 9. Bf4 g5 10. Be3 Qe7 11. Nc3 O-O-O 12. Qd2 Na5 13. exf6 Nxf6 14. b3 Re8 15. Ne5 Nc6 16. Bxg5 Nxe5 17. Bxf6 Nf3+ 18. Kd1 Qxf6 19. Qf4 Qxf4 20. gxf4 Nxd4 21. a3 Bg7 22. Kd2 Nb5 23. Nxb5 Bxa1 24. Nxa7+ Kd7 25. e3 c6 26. Nb5 Bf3 27. Rg1 Reg8 28. Rxg8 Rxg8 29. Nd4 Bxd4 30. exd4 Bg2 31. Bd3 Rf8 32. Ke3 Be4 33. Bf1 Bf5 34. c4 Re8+ 35. Kf2 Re4 36. cxd5 cxd5 37. Bb5+ Kd6 38. b4 Rxf4+ 39. Kg3 Rxd4 40. Bf1 Rd2 0-1


[Site "https://www.chess.com"]

[Event "Titled Tuesday Blitz May 16 Late 2023"]
[White "Celestino, Rafael Teixeira"]
[Black "Mikhalsky, Vladimir"]
[WhiteFideId "2108925"]
[BlackFideId "14144352"]
[WhiteElo "2329"]
[BlackElo "2236"]
[Result "1-0"]
[Round "07"]
[TimeControl "180+2"]
[Date "2023.05.16"]
[WhiteClock "0:01:18"]
[BlackClock "0:00:10"]

1. e4 g6 2. d4 Bg7 3. Nc3 d6 4. Be3 a6 5. Qd2 b5 6. Nf3 Nd7 7. a3 Nb6 8. Bd3 Bb7 9. O-O Nf6 10. Rae1 Ng4 11. Bg5 h6 12. Bh4 g5 13. Bg3 Qd7 14. h3 Nf6 15. e5 Nfd5 16. Be4 O-O-O 17. exd6 exd6 18. Nxd5 Bxd5 19. Bxd5 Nxd5 20. c4 bxc4 21. Qa5 Qb5 22. Qd2 f5 23. Qc2 f4 24. Bh2 Nb6 25. Re7 Rd7 26. Rfe1 Bf6 27. Rxd7 Qxd7 28. Qg6 Nd5 29. Nd2 c3 30. bxc3 Rf8 31. Ne4 Qg7 32. Qf5+ Kd8 33. Qxd5 g4 34. Nc5 g3 35. Qa8# 1-0


[Site "https://www.chess.com"]

[Event "Titled Tuesday Blitz May 16 Late 2023"]
[White "Rose, Felix"]
[Black "Novikova, Galina"]
[WhiteFideId "5105722"]
[BlackFideId "4157095"]
[WhiteElo "2039"]
[BlackElo "1953"]
[Result "1-0"]
[Round "07"]
[TimeControl "180+2"]
[Date "2023.05.16"]
[WhiteClock "0:00:18"]
[BlackClock "0:00:00"]

1. d4 Nf6 2. Nf3 g6 3. Bg5 Bg7 4. Nbd2 d6 5. c3 h6 6. Bxf6 Bxf6 7. h4 h5 8. Ne4 Bg7 9. Neg5 O-O 10. e3 Nc6 11. Bd3 e5 12. Qb3 Na5 13. Qc2 Bg4 14. Bxg6 fxg6 15. Qxg6 Rf6 16. Qh7+ Kf8 17. dxe5 Rh6 18. Qe4 Qe7 19. Qf4+ Kg8 20. Qb4 b6 21. Qe4 Rf8 22. b4 dxe5 23. bxa5 Bf5 24. Qd5+ Kh8 25. axb6 axb6 26. e4 Bg4 27. Rd1 Rd6 28. Qb3 Rxd1+ 29. Qxd1 Qc5 30. O-O Qxc3 31. Qb1 Qc5 32. Rc1 Qd6 33. Qb3 Qf6 34. Rxc7 Bxf3 35. Nxf3 Qf4 36. Qxb6 Qf6 37. Qxf6 Bxf6 38. Rc6 Bg7 39. Re6 Ra8 40. Nxe5 Rxa2 41. Nf3 Ra1+ 42. Kh2 Ra2 43. Kg3 Kg8 44. Ng5 Bd4 45. f3 Bf2+ 46. Kf4 Bxh4 47. Rg6+ Kf8 48. Ne6+ Kf7 49. Kf5 Bf2 50. Rg7+ Ke8 51. Nc7+ Kf8 52. Ne6+ Ke8 53. Rh7 Bd4 54. Nxd4 Ra5+ 55. Kf4 Ra6 56. Rxh5 Ra5 57. Rxa5 1-0


[Site "https://www.chess.com"]

[Event "Titled Tuesday Blitz May 16 Late 2023"]
[White "merinasian"]
[Black "Kujawski, Adam"]
[BlackFideId "1100920"]
[WhiteElo "2429"]
[BlackElo "2054"]
[Result "1-0"]
[Round "07"]
[TimeControl "180+2"]
[Date "2023.05.16"]
[WhiteClock "0:00:18"]
[BlackClock "0:00:00"]

1. d4 Nf6 2. Nf3 c5 3. d5 e6 4. Nc3 exd5 5. Nxd5 Nxd5 6. Qxd5 Nc6 7. Bg5 Be7 8. Bxe7 Qxe7 9. e3 O-O 10. Rd1 Nb4 11. Qb3 d6 12. a3 Be6 13. Bc4 d5 14. Be2 Nc6 15. Qc3 Rfd8 16. O-O Rac8 17. Qd2 h6 18. c3 Nb8 19. Rfe1 Nd7 20. Bd3 Nf6 21. Qc2 Qc7 22. h3 a6 23. Rd2 Re8 24. Red1 Ne4 25. Bxe4 dxe4 26. Nh2 Bc4 27. Rd7 Qc6 28. R1d6 Qb5 29. Ng4 Bd3 30. Qd2 Rc6 31. Rd8 Rxd6 32. Rxd6 Qa5 33. Rd7 Rd8 34. Rxd8+ Qxd8 35. Ne5 Qd5 36. f4 c4 37. Kf2 Kh7 38. Ng4 f6 39. Nh2 Qb5 40. Ng4 Qb3 41. Nh2 Qa2 42. Qc1 Qb3 43. Nf1 b5 44. Ng3 Qa2 45. Nf5 Kg6 46. Nd4 a5 47. g4 1-0


[Site "https://www.chess.com"]

[Event "Titled Tuesday Blitz May 16 Late 2023"]
[White "Vifleemskaia, Svetlana"]
[Black "Lucas, Arthur"]
[WhiteFideId "4129490"]
[BlackFideId "26093073"]
[WhiteElo "1930"]
[BlackElo "2251"]
[Result "0-1"]
[Round "07"]
[TimeControl "180+2"]
[Date "2023.05.16"]
[WhiteClock "0:00:00"]
[BlackClock "0:00:03"]

1. d4 Nf6 2. c4 e6 3. Nc3 c5 4. d5 exd5 5. cxd5 d6 6. e4 g6 7. Bb5+ Nbd7 8. a4 Bg7 9. Nf3 O-O 10. O-O a6 11. Bd3 Ng4 12. Re1 Nge5 13. Nxe5 Nxe5 14. Bf1 f5 15. f4 Ng4 16. e5 Qh4 17. h3 Qf2+ 18. Kh1 dxe5 19. hxg4 exf4 20. g3 Qxg3 21. Re2 fxg4 22. Rg2 Qh4+ 23. Rh2 Qg5 24. Ne4 Qe5 25. Bd3 g3 26. Rh4 f3 27. Be3 g2+ 28. Kg1 Bd7 29. Bf2 Rae8 30. Nxc5 Bf5 31. Bxf5 Qxf5 32. Qd3 Re2 33. Qxf5 Rxf5 0-1


[Site "https://www.chess.com"]

[Event "Titled Tuesday Blitz May 16 Late 2023"]
[White "Martin Barcelo, Carles"]
[Black "mjelcic"]
[WhiteFideId "24561444"]
[WhiteElo "2089"]
[BlackElo "2268"]
[Result "1/2-1/2"]
[Round "07"]
[TimeControl "180+2"]
[Date "2023.05.16"]
[WhiteClock "0:00:20"]
[BlackClock "0:00:13"]

1. Nf3 c6 2. e4 d5 3. Nc3 dxe4 4. Nxe4 Nd7 5. Qe2 e6 6. b3 Ngf6 7. Bb2 Nxe4 8. Qxe4 Nf6 9. Qh4 Be7 10. Qg3 O-O 11. Bd3 b6 12. O-O Bb7 13. Rae1 c5 14. Re3 Qd6 15. Qh4 h6 16. Qh3 Qf4 17. Be5 Qg4 18. Qg3 Qxg3 19. hxg3 Ng4 20. Re2 Nxe5 21. Nxe5 Rad8 22. a4 Bf6 23. Nc4 Ba6 24. Rfe1 Rd4 25. Re4 Rfd8 26. Rxd4 Rxd4 27. Re2 Bg5 28. f4 Bf6 29. Kf2 g6 30. Ne5 Bxd3 31. Nxd3 c4 32. Ne1 cxb3 33. cxb3 Be7 34. Nf3 Rb4 35. Re3 Bc5 36. d4 Bxd4 37. Nxd4 Rxd4 38. Rc3 Kg7 39. Rc7 a5 40. Rc3 Kf6 41. Ke3 Rb4 42. g4 g5 43. g3 Kg6 44. Kf3 Kf6 45. Ke3 Ke7 46. Kf3 Kd6 47. Ke3 Kd5 48. Rd3+ Kc6 49. Rc3+ Kd6 50. Rd3+ Ke7 51. Rc3 f5 52. gxf5 exf5 53. Kf3 Kd6 54. Ke3 Kd5 55. Rd3+ Ke6 56. Rc3 b5 57. axb5 Rxb5 58. Kf3 g4+ 59. Ke3 h5 60. Kd3 Rd5+ 61. Kc2 Kd6 62. Re3 Rc5+ 63. Kb2 Rd5 64. Kc3 Kc5 65. Re8 Rd1 66. Rc8+ Kb5 67. Rb8+ Ka6 68. Ra8+ Kb6 69. Rb8+ Kc5 70. Rf8 Rd5 71. Ra8 Kd6 72. Rd8+ Ke6 73. Re8+ Kf6 74. Rh8 Kg6 75. Kc4 Rd2 76. Ra8 Rg2 77. Rxa5 Rxg3 78. Ra6+ Kg7 79. Ra7+ Kf6 80. Ra6+ Ke7 81. Kd5 Rd3+ 82. Ke5 Rxb3 83. Kxf5 Rb5+ 84. Ke4 Kf7 85. Ra7+ Kg6 86. Ra6+ Kg7 87. Ra7+ Kf6 88. Ra6+ Ke7 89. Rh6 g3 90. Kf3 Rb3+ 91. Kg2 Rb5 92. Kxg3 Kf7 93. Ra6 Kg7 94. Kh4 Rf5 95. Ra4 Kh6 96. Re4 Kg6 97. Re6+ Kg7 98. Kg3 h4+ 99. Kg4 Rf6 100. Re7+ Kg6 101. Re4 h3 102. Re3 h2 103. Rh3 Kg7 104. Rxh2 Ra6 105. Rd2 Kg8 106. Kg5 Kf7 107. Rd7+ Kf8 108. Rb7 Kg8 109. Kf5 Kf8 110. Kg5 Rc6 111. f5 Ra6 112. Kf4 Rc6 113. Ke5 Ra6 114. Rc7 Rb6 115. Ra7 Rc6 116. Kd5 Rb6 117. Rc7 Ra6 118. Ke5 Rb6 119. Kf4 Ra6 120. Kg5 Rb6 121. Rc4 Ra6 122. Re4 Rb6 123. Rf4 Ra6 124. Rh4 Rb6 125. Ra4 Rc6 126. Ra7 Rb6 127. Rh7 Ra6 128. Rd7 Rb6 129. Rd4 Ra6 130. Rc4 Rb6 131. Ra4 Rc6 132. Ra7 Rb6 133. f6 Rb1 134. Kf5 Rf1+ 135. Ke6 Re1+ 136. Kd6 Rd1+ 137. Ke5 Re1+ 138. Kf5 Rf1+ 139. Kg5 Rg1+ 140. Kf4 Rf1+ 141. Ke5 Re1+ 142. Kd4 Rd1+ 143. Ke3 Re1+ 144. Kf2 Re6 145. f7 Rf6+ 146. Ke3 Rxf7 147. Rxf7+ Kxf7 1/2-1/2


[Site "https://www.chess.com"]

[Event "Titled Tuesday Blitz May 16 Late 2023"]
[White "Ingunza Curro, Andres"]
[Black "Liu, Eric"]
[WhiteFideId "24526371"]
[BlackFideId "30960240"]
[WhiteElo "2247"]
[BlackElo "2094"]
[Result "0-1"]
[Round "07"]
[TimeControl "180+2"]
[Date "2023.05.16"]
[WhiteClock "0:01:39"]
[BlackClock "0:02:13"]

1. d4 b6 2. c4 Bb7 3. Nc3 e6 4. Nf3 h5 5. Bf4 h4 6. e3 Be7 7. h3 Nf6 8. Bd3 d6 9. Qe2 Nbd7 10. e4 c5 11. e5 Nh5 12. exd6 Nxf4 13. dxe7 Qxe7 14. Qf1 Bxf3 15. gxf3 cxd4 16. Nb5 Ne5 17. Be4 Qb4+ 18. Kd1 Rc8 19. b3 a6 20. Na7 Rc7 0-1


[Site "https://www.chess.com"]

[Event "Titled Tuesday Blitz May 16 Late 2023"]
[White "Rangel, Daniel"]
[Black "Araujo, Everson De Moura"]
[WhiteFideId "2124475"]
[BlackFideId "22737197"]
[WhiteElo "2256"]
[BlackElo "2035"]
[Result "1/2-1/2"]
[Round "07"]
[TimeControl "180+2"]
[Date "2023.05.16"]
[WhiteClock "0:00:15"]
[BlackClock "0:00:03"]

1. e4 e6 2. d4 d5 3. Nd2 Nc6 4. Ngf3 Nf6 5. exd5 exd5 6. Bb5 Bd6 7. O-O O-O 8. Bxc6 bxc6 9. Ne5 c5 10. c3 cxd4 11. cxd4 Re8 12. Nd3 Bf5 13. Nb3 Bxh2+ 14. Kxh2 Ng4+ 15. Kg3 Qf6 16. f3 Ne3 17. Bxe3 Rxe3 18. Ndc5 Rae8 19. Kh2 Qh4+ 20. Kg1 Re2 21. Nc1 Re1 22. N1b3 Rxd1 23. Raxd1 Re2 24. Nc1 Rxg2+ 25. Kxg2 Bh3+ 26. Kh2 Bxf1+ 27. Kg1 Qh3 28. Rxf1 Qg3+ 29. Kh1 Qh3+ 30. Kg1 Qg3+ 31. Kh1 Qh3+ 32. Kg1 1/2-1/2


[Site "https://www.chess.com"]

[Event "Titled Tuesday Blitz May 16 Late 2023"]
[White "Florianovitz, Derlei Alex"]
[Black "reevecanada"]
[WhiteFideId "2114178"]
[WhiteElo "1953"]
[BlackElo "2399"]
[Result "1-0"]
[Round "07"]
[TimeControl "180+2"]
[Date "2023.05.16"]
[WhiteClock "0:00:13"]
[BlackClock "0:00:13"]

1. e4 c5 2. Nf3 d6 3. d4 cxd4 4. Nxd4 Nf6 5. Nc3 a6 6. h3 e5 7. Nde2 Be7 8. g4 h6 9. Bg2 Be6 10. Be3 Nbd7 11. Ng3 Rc8 12. O-O b5 13. Nf5 Bxf5 14. exf5 O-O 15. a3 Nb6 16. Bxb6 Qxb6 17. Nd5 Nxd5 18. Bxd5 Rc7 19. c3 a5 20. Kg2 b4 21. axb4 axb4 22. c4 Ra7 23. Qb3 Rb8 24. Ra4 Rxa4 25. Qxa4 Qd4 26. Qd7 Kf8 27. Ra1 Rd8 28. Qb7 e4 29. Ra7 Qe5 30. Bxe4 h5 31. Bd5 hxg4 32. hxg4 Qe2 33. Bf3 Qe5 34. Qxb4 g6 35. fxg6 fxg6 36. Qd2 Kg7 37. Qd5 Kf6 38. g5+ Kxg5 39. Qxe5+ dxe5 40. Rxe7 Kf6 41. Rb7 Rd2 42. b4 Kf5 43. Bd5 e4 44. Rf7+ Kg4 45. b5 g5 46. b6 e3 47. Bf3+ Kh4 48. Rh7# 1-0


[Site "https://www.chess.com"]

[Event "Titled Tuesday Blitz May 16 Late 2023"]
[White "Vaglio Munoz, Jaime"]
[Black "Martinez, Ayelen"]
[WhiteFideId "6500145"]
[BlackFideId "118702"]
[WhiteElo "2199"]
[BlackElo "2125"]
[Result "0-1"]
[Round "07"]
[TimeControl "180+2"]
[Date "2023.05.16"]
[WhiteClock "0:00:14"]
[BlackClock "0:00:12"]

1. Nf3 Nf6 2. c4 g6 3. b3 Bg7 4. Bb2 O-O 5. g3 d6 6. d4 c5 7. d5 a6 8. a4 e6 9. dxe6 Bxe6 10. Bg2 d5 11. cxd5 Bxd5 12. Qc1 Bxb3 13. Nbd2 Bd5 14. Qxc5 Nbd7 15. Qb4 a5 16. Qh4 Nc5 17. O-O Nfe4 18. Bxg7 Qxh4 19. Nxh4 Kxg7 20. Nxe4 Bxe4 21. f3 Bc6 22. e4 Nxa4 23. Rfc1 Nb2 24. Bf1 Rfd8 25. Rc2 Nd1 26. Rca2 Ne3 27. Be2 g5 28. Kf2 gxh4 29. Kxe3 hxg3 30. Rg1 f5 31. Rxg3+ Kf6 32. exf5 Kxf5 33. Bd3+ Kf6 34. Bxh7 a4 35. Rg6+ Kf7 36. Rag2 Rd3+ 37. Kf4 Rxf3+ 38. Kg4 Rc3 39. Rf2+ Ke7 40. Rg7+ Kd6 41. h4 Rc4+ 42. Kg5 Ra5+ 43. Kg6 Rxh4 44. Rf6+ Kc5 45. Kf7 a3 46. Rg5+ Kb6 47. Rxa5 Kxa5 48. Bb1 Ra4 49. Rf5+ Kb4 50. Ba2 Kc3 51. Ke7 Re4+ 52. Kd6 Re2 53. Rc5+ Kb2 54. Bf7 a2 55. Bxa2 Kxa2 56. Kc7 Kb3 57. Kb6 Kb4 58. Rc1 Re6 59. Rb1+ Kc4 60. Rc1+ Kd4 61. Rd1+ Ke5 62. Re1+ Be4+ 63. Kc5 b6+ 64. Kb5 Kd4 65. Kb4 Re5 66. Rd1+ Bd3 67. Rh1 Rb5+ 68. Ka4 Rb2 69. Rh4+ Kc3 70. Ka3 b5 71. Rh2 b4+ 72. Ka4 Rxh2 73. Ka5 Ra2+ 74. Kb6 b3 75. Kc5 b2 76. Kd6 b1=Q 77. Ke5 Qb6 78. Kf4 Ra4+ 79. Kf3 Qf6+ 80. Ke3 Qe5+ 81. Kf3 Qe2+ 82. Kg3 Rg4+ 83. Kh3 Qf3+ 84. Kh2 Qg2# 0-1


[Site "https://www.chess.com"]

[Event "Titled Tuesday Blitz May 16 Late 2023"]
[White "ritanovikova"]
[Black "Arnold, Ken"]
[BlackFideId "2056836"]
[WhiteElo "2147"]
[BlackElo "2381"]
[Result "0-1"]
[Round "07"]
[TimeControl "180+2"]
[Date "2023.05.16"]
[WhiteClock "0:00:14"]
[BlackClock "0:00:09"]

1. e4 c6 2. d4 d5 3. exd5 cxd5 4. Bd3 Nf6 5. Nf3 Nc6 6. h3 g6 7. O-O Bg7 8. c3 O-O 9. Bg5 Re8 10. Re1 Be6 11. Ne5 Nxe5 12. dxe5 Nd7 13. Bf4 Nc5 14. Bc2 Qc8 15. Kh2 Rd8 16. Nd2 Bf5 17. Nf3 Bxc2 18. Qxc2 Ne6 19. Bg3 d4 20. Rac1 Bh6 21. Rcd1 Qc4 22. Qb3 Qxb3 23. axb3 dxc3 24. bxc3 Nc5 25. Nd4 a6 26. Bh4 Rd7 27. e6 fxe6 28. b4 Na4 29. Nxe6 Rxd1 30. Rxd1 Nxc3 31. Rd7 b5 32. Bxe7 Re8 33. g3 Ne4 34. Nc7 Rc8 35. f3 Nd2 36. Kg2 Nc4 37. Bc5 a5 38. Nxb5 axb4 39. Bxb4 Ne5 40. Rc7 Rb8 41. Rc5 Nd3 42. Rc3 Nxb4 43. Nd6 Nd5 44. Rd3 Ne3+ 45. Kf2 Rb2+ 46. Ke1 Rh2 47. h4 Nf5 48. Nxf5 gxf5 49. f4 Kg7 50. Rd6 Rg2 51. Rd3 Kg6 52. Kf1 Rb2 53. Rd6+ Kh5 54. Rd5 Kg4 55. Rd7 Kf3 56. Rxh7 Rb1# 0-1


[Site "https://www.chess.com"]

[Event "Titled Tuesday Blitz May 16 Late 2023"]
[White "Chessadiction1990"]
[Black "ArchibaldCerveza29"]
[WhiteElo "2141"]
[BlackElo "2374"]
[Result "0-1"]
[Round "07"]
[TimeControl "180+2"]
[Date "2023.05.16"]
[WhiteClock "0:00:00"]
[BlackClock "0:00:18"]

1. d4 d5 2. Bf4 c5 3. e3 Nc6 4. c3 Nf6 5. Nf3 g6 6. Nbd2 Bg7 7. Be2 O-O 8. h3 Re8 9. O-O Nd7 10. a4 e5 11. dxe5 Ndxe5 12. Nxe5 Nxe5 13. a5 Bf5 14. Nf3 Nc4 15. Bxc4 dxc4 16. Qa4 Bd3 17. Rfd1 Qf6 18. Qd7 Re7 19. Qd6 Rc8 20. Qxf6 Bxf6 21. Rd2 Kg7 22. Rad1 b5 23. Ne1 Bf5 24. Rd6 Re6 25. g4 Rxd6 26. Rxd6 Be6 27. Nf3 h6 28. Kg2 b4 29. Be5 g5 30. Bxf6+ Kxf6 31. Ra6 Rc7 32. Kg3 bxc3 33. bxc3 Rb7 34. Rc6 Rb3 35. Rxc5 Rxc3 36. h4 gxh4+ 37. Nxh4 Rc2 38. Nf5 Ra2 39. Nd4 Ra4 40. f4 Ra3 41. Kf3 c3 42. f5 Ba2 43. Kf4 Bb1 44. e4 Ra4 45. e5+ Ke7 46. Rd5 c2 47. Ke3 c1=Q+ 48. Kf2 Qd2+ 0-1


[Site "https://www.chess.com"]

[Event "Titled Tuesday Blitz May 16 Late 2023"]
[White "Weber, Samuel"]
[Black "Levar, Nenad"]
[WhiteFideId "12924008"]
[BlackFideId "14504430"]
[WhiteElo "2162"]
[BlackElo "2095"]
[Result "1-0"]
[Round "07"]
[TimeControl "180+2"]
[Date "2023.05.16"]
[WhiteClock "0:02:16"]
[BlackClock "0:01:50"]

1. b3 Nf6 2. Bb2 g6 3. c4 Bg7 4. e3 O-O 5. Nf3 d6 6. Be2 e5 7. d3 c5 8. Nc3 Nc6 9. O-O h6 10. Nd2 Be6 11. Bf3 Qd7 12. Nd5 Ne7 13. Nxf6+ Bxf6 14. d4 cxd4 15. exd4 exd4 16. Ne4 Bg7 17. Bxd4 Rfd8 18. Bxg7 Kxg7 19. Qd4+ Kf8 20. Qh8+ Ng8 21. Nf6 Qc7 22. Nxg8 Ke8 23. Nxh6+ 1-0


[Site "https://www.chess.com"]

[Event "Titled Tuesday Blitz May 16 Late 2023"]
[White "dorpato"]
[Black "Urbina Perez, Juan Antonio"]
[BlackFideId "2217368"]
[WhiteElo "2024"]
[BlackElo "2197"]
[Result "0-1"]
[Round "07"]
[TimeControl "180+2"]
[Date "2023.05.16"]
[WhiteClock "0:00:06"]
[BlackClock "0:00:41"]

1. e4 c6 2. d4 d5 3. e5 Qb6 4. Nf3 Bg4 5. c3 e6 6. Be2 Nd7 7. O-O c5 8. h3 Bxf3 9. Bxf3 Ne7 10. Na3 Nc6 11. Nc2 cxd4 12. cxd4 Be7 13. b3 O-O 14. Bb2 Rac8 15. Rc1 Qa5 16. a3 Qb6 17. b4 a5 18. bxa5 Nxa5 19. Rb1 Qa7 20. Be2 Nb6 21. Ne3 Nbc4 22. Nxc4 Nxc4 23. Bxc4 Rxc4 24. Qd3 Rfc8 25. Rfc1 Qa6 26. Kh2 b5 27. f4 g6 28. g4 R8c6 29. f5 Qc8 30. fxg6 Rxc1 31. gxh7+ Kh8 32. Bxc1 Rxc1 33. Qxb5 Qc2+ 34. Kg3 Qc3+ 35. Kf4 Qxd4+ 36. Kg3 Rc3+ 37. Kg2 Qe4+ 38. Kf2 Qf3+ 39. Ke1 Re3+ 40. Kd2 Qf2+ 41. Kc1 Re1# 0-1


[Site "https://www.chess.com"]

[Event "Titled Tuesday Blitz May 16 Late 2023"]
[White "KorolDimitriy75"]
[Black "Kostiukov, Alexandr"]
[BlackFideId "14108100"]
[WhiteElo "2439"]
[BlackElo "2202"]
[Result "0-1"]
[Round "07"]
[TimeControl "180+2"]
[Date "2023.05.16"]
[WhiteClock "0:00:00"]
[BlackClock "0:00:42"]

1. d4 g6 2. c4 Bg7 3. Nf3 d6 4. Nc3 e5 5. e4 exd4 6. Nxd4 Nc6 7. Be3 Nge7 8. Be2 O-O 9. O-O f5 10. Nxc6 bxc6 11. Qd2 fxe4 12. Nxe4 Nf5 13. Bg5 Qe8 14. Bd3 Rb8 15. Rab1 Qf7 16. b3 h6 17. Bf4 g5 18. Bg3 Bd7 19. Rbd1 Kh8 20. Qa5 Rb7 21. Bb1 Bd4 22. Qa6 Rfb8 23. Nxg5 hxg5 24. Bxf5 Bxf5 25. Rxd4 Kg7 26. Qxc6 Kg6 27. Rd2 Rb6 28. Qd5 Qxd5 29. Rxd5 Re8 30. Rd2 Ra6 31. h3 Ra3 32. f3 a5 0-1


[Site "https://www.chess.com"]

[Event "Titled Tuesday Blitz May 16 Late 2023"]
[White "Mazurkiewicz, Michal"]
[Black "Ward, Ieuan C"]
[WhiteFideId "1124943"]
[BlackFideId "406627"]
[WhiteElo "2054"]
[BlackElo "2287"]
[Result "1-0"]
[Round "07"]
[TimeControl "180+2"]
[Date "2023.05.16"]
[WhiteClock "0:00:28"]
[BlackClock "0:00:13"]

1. e4 e5 2. Nf3 Nc6 3. Bb5 a6 4. Bxc6 dxc6 5. O-O Bd6 6. d4 f6 7. dxe5 fxe5 8. Nxe5 Nf6 9. Nf3 Nxe4 10. Qe2 Qe7 11. Re1 Nc5 12. Qc4 Be6 13. Qe2 Bd7 14. Qf1 Ne6 15. Nc3 O-O-O 16. Bg5 Nxg5 17. Rxe7 Bxe7 18. Nxg5 Bxg5 19. Ne4 Be7 20. f3 Bf5 21. Qc4 Bxe4 22. Qxe4 Bc5+ 23. Kh1 Rd7 24. Qf5 g6 25. Qxc5 Rhd8 26. h4 Rd5 27. Qa7 Rb5 28. Qa8+ 1-0


[Site "https://www.chess.com"]

[Event "Titled Tuesday Blitz May 16 Late 2023"]
[White "K2JW"]
[Black "ibove"]
[WhiteElo "2369"]
[BlackElo "2280"]
[Result "1-0"]
[Round "07"]
[TimeControl "180+2"]
[Date "2023.05.16"]
[WhiteClock "0:00:43"]
[BlackClock "0:01:55"]

1. d4 Nf6 2. c4 g6 3. Nc3 Bg7 4. e4 d6 5. Nf3 O-O 6. Be2 Nc6 7. d5 Ne5 8. Nxe5 dxe5 9. Be3 b6 10. Qd2 Ng4 11. Bxg4 Bxg4 12. f3 Bd7 13. O-O-O a6 14. h4 b5 15. c5 b4 16. Ne2 Bb5 17. h5 f5 18. hxg6 hxg6 19. Bh6 f4 20. g4 a5 21. Ng1 c6 22. Qh2 Rf7 23. Bxg7 Rxg7 24. dxc6 Qc7 25. Qh8+ Kf7 26. Qxa8 Bxc6 27. Qd8 Qa7 28. Qb6 Qb7 29. Qxb7 Bxb7 30. Nh3 Ba6 31. Ng5+ Kf6 32. Nh7+ Kf7 33. Rd8 Bb5 34. Rf8+ Ke6 35. Rd1 1-0


[Site "https://www.chess.com"]

[Event "Titled Tuesday Blitz May 16 Late 2023"]
[White "Shapiro, Daniel"]
[Black "Escalante Ramirez, Rafael"]
[WhiteFideId "2001780"]
[BlackFideId "3900177"]
[WhiteElo "2360"]
[BlackElo "2250"]
[Result "1-0"]
[Round "07"]
[TimeControl "180+2"]
[Date "2023.05.16"]
[WhiteClock "0:00:18"]
[BlackClock "0:00:00"]

1. d4 Nf6 2. c4 e6 3. g3 Bb4+ 4. Bd2 a5 5. Bg2 O-O 6. Qc2 d6 7. Nf3 b6 8. Ng5 Ra7 9. Nc3 Bxc3 10. Bxc3 Bb7 11. e4 h6 12. Nh3 c5 13. O-O Nbd7 14. d5 e5 15. Rae1 Re8 16. f4 Ba6 17. Qd3 a4 18. Nf2 Rb7 19. f5 b5 20. b3 axb3 21. axb3 bxc4 22. bxc4 Nb6 23. Ba5 Qb8 24. Rc1 Nbd7 25. Rc3 Rb2 26. Ra1 Qb7 27. Rca3 Rb8 28. Be1 Ra8 29. g4 Nh7 30. h4 f6 31. Nd1 Nb6 32. Nxb2 Nd7 33. Nd1 Nb6 34. Ne3 1-0


[Site "https://www.chess.com"]

[Event "Titled Tuesday Blitz May 16 Late 2023"]
[White "mohsengabr2002"]
[Black "Horokoskii"]
[WhiteElo "2356"]
[BlackElo "2160"]
[Result "1-0"]
[Round "07"]
[TimeControl "180+2"]
[Date "2023.05.16"]
[WhiteClock "0:01:39"]
[BlackClock "0:00:12"]

1. e4 e6 2. d3 d5 3. Nd2 Nf6 4. g3 c5 5. Bg2 b5 6. Ngf3 a5 7. O-O Be7 8. e5 Nfd7 9. Re1 O-O 10. Nf1 b4 11. h4 a4 12. a3 Qb6 13. N1h2 b3 14. c3 Ba6 15. h5 Rc8 16. h6 g6 17. Ng4 Kf8 18. Bg5 Qd8 19. Qd2 Kg8 20. Rad1 Nc6 21. Qf4 Qf8 22. Bxe7 Nxe7 23. Ng5 Nf5 24. c4 Bb7 25. cxd5 Bxd5 26. Bxd5 exd5 27. e6 fxe6 28. Rxe6 Re8 29. Rde1 Rxe6 30. Rxe6 Re8 31. Ra6 Re1+ 32. Kg2 Nh4+ 33. Kh3 Rh1+ 34. Nh2 Qxh6 35. Ra8+ Nf8 36. Qf7+ Kh8 37. Rxf8+ 1-0


[Site "https://www.chess.com"]

[Event "Titled Tuesday Blitz May 16 Late 2023"]
[White "Hoffmann, Asa"]
[Black "Curtis, John"]
[WhiteFideId "2001470"]
[BlackFideId "3200256"]
[WhiteElo "2117"]
[BlackElo "2203"]
[Result "1-0"]
[Round "07"]
[TimeControl "180+2"]
[Date "2023.05.16"]
[WhiteClock "0:02:05"]
[BlackClock "0:00:00"]

1. d4 Nf6 2. Bg5 e6 3. Nd2 d5 4. e3 c5 5. c3 Nc6 6. f4 Be7 7. Bd3 Nd7 8. Ngf3 Bxg5 9. Nxg5 Qc7 10. Nxh7 cxd4 11. cxd4 Nxd4 12. exd4 Qxf4 13. Nf3 1-0


[Site "https://www.chess.com"]

[Event "Titled Tuesday Blitz May 16 Late 2023"]
[White "Hnydiuk, Aleksander"]
[Black "Gerbelli Neto, Eduardo"]
[WhiteFideId "1109057"]
[BlackFideId "2103281"]
[WhiteElo "2374"]
[BlackElo "2178"]
[Result "0-1"]
[Round "07"]
[TimeControl "180+2"]
[Date "2023.05.16"]
[WhiteClock "0:00:00"]
[BlackClock "0:00:52"]

1. d4 d5 2. c4 c6 3. Nc3 Nf6 4. Nf3 e6 5. e3 Nbd7 6. Qc2 Bd6 7. g4 Bb4 8. Bd2 Qe7 9. Bd3 dxc4 10. Bxc4 b5 11. Bd3 Bxc3 12. bxc3 Bb7 13. g5 Nd5 14. e4 N5b6 15. h4 f5 16. gxf6 Qxf6 17. Ng5 O-O 18. f4 e5 19. O-O exd4 20. e5 Qh6 21. Bxh7+ Kh8 22. Kg2 c5+ 23. Kg3 Nc4 24. Rae1 Ndb6 25. Bc1 Nd5 26. f5 Nde3 27. Bxe3 Nxe3 28. Rxe3 dxe3 29. Bg6 Bd5 30. Qc1 e2 31. Re1 Bc4 32. Qe3 Rad8 0-1


[Site "https://www.chess.com"]

[Event "Titled Tuesday Blitz May 16 Late 2023"]
[White "Xia, Brandon"]
[Black "Milovic, Aleksandra"]
[WhiteFideId "30921880"]
[BlackFideId "933988"]
[WhiteElo "1924"]
[BlackElo "2000"]
[Result "1-0"]
[Round "07"]
[TimeControl "180+2"]
[Date "2023.05.16"]
[WhiteClock "0:01:23"]
[BlackClock "0:01:07"]

1. b3 d5 2. Bb2 e6 3. e3 Nf6 4. Nf3 c5 5. Be2 Be7 6. O-O Nbd7 7. c3 O-O 8. c4 b6 9. cxd5 exd5 10. d4 Bb7 11. Nc3 cxd4 12. Nxd4 Nc5 13. Bf3 Nce4 14. Nf5 Rc8 15. Rc1 Bb4 16. Qd4 Bxc3 17. Bxc3 Nxc3 18. Rxc3 Qd7 19. Bg4 Kh8 20. Bh3 Rxc3 21. Qxc3 Ne4 22. Qxg7# 1-0


[Site "https://www.chess.com"]